AoeStats
← Eenoon

Nomad

509362325Analyzed
4v4 RM · 7d ago on Sep 26, 2026· 56m 25s· 8 players
Game mode
Random Map
Map size
231×231
Population
200
Speed
Normal
Resources
Standard
Victory
Conquest
Starting age
Dark Age
Ending age
Imperial Age
RankedLock teamsTeams togetherTeam positionsShared explorationLock speedFull tech treeHidden civsTurbo modeCheats
Victory
Defeat
🇫🇷 Varangians · France
1217
+12
🇬🇧 Danes · United Kingdom
1158
+14
🇲🇽 Italians · Mexico
1155
+15
🇺🇸 Bengalis · United States
1108
+18
🇬🇷 Vikings · Greece
1180
-17
🇵🇪 Huns · Peru
1110
-14
🇹🇷 Franks · Türkiye
1106
-14
🇫🇷 Japanese · France
1105
-14
Muffin
7:38 Loom
15:46 Feudal Age
20:03 Castle Age
18:25 Town Watch
18:37 Gold Mining
18:40 Double-Bit Axe
21:49 Bow Saw
21:36 Town Watch
24:53 Arson
28:24 Scale Mail Armor
31:09 Horse Collar
31:38 Fletching
32:53 Chain Mail Armor
34:44 Wheelbarrow
35:35 Bodkin Arrow
36:01 Murder Holes
37:30 Forging
39:15 Ballistics
45:19 Imperial Age
43:22 Squires
46:31 Conscription
46:45 Hand Cart
49:02 Plate Mail Armor
49:07 Iron Casting
50:38 Elite Jomsviking
52:44 Gold Shaft Mining
52:06 Elite Varangian Guard
55:07 Hamask
57:26 Blast Furnace
Sebastián
10:17 Loom
14:46 Feudal Age
19:55 Castle Age
20:16 Double-Bit Axe
20:25 Stone Mining
20:28 Gold Mining
23:01 Fletching
27:50 Stone Shaft Mining
28:04 Bodkin Arrow
28:10 Padded Archer Armor
32:33 Leather Archer Armor
35:33 Wheelbarrow
39:19 Ballistics
45:03 Imperial Age
46:26 Murder Holes
56:24 Crossbowman
JoN
5:27 Loom
13:27 Feudal Age
15:06 Double-Bit Axe
20:28 Castle Age
18:55 Scale Barding Armor
18:55 Gold Mining
19:58 Fishing Lines
20:04 Horse Collar
20:18 Stone Mining
23:02 Wheelbarrow
22:55 Heavy Plow
25:25 Forging
27:22 Bloodlines
27:57 Chain Barding Armor
29:48 Iron Casting
29:03 Fletching
31:22 Husbandry
34:03 Imperial Age
31:22 Town Watch
32:17 Stone Shaft Mining
33:40 Hand Cart
33:47 Bow Saw
34:14 Cavalier
35:38 Plate Barding Armor
41:39 Blast Furnace
41:43 Bodkin Arrow
41:50 Light Cavalry
43:03 Ballistics
43:44 Chemistry
42:50 Siege Engineers
42:56 Masonry
42:26 Treadmill Crane
44:48 Hussar
45:30 Bracer
46:47 Vendel Legacy
47:48 Conscription
52:02 Gothikon
Sergeant Mess
11:21 Loom
15:29 Feudal Age
28:36 Castle Age
28:57 Double-Bit Axe
31:06 Bloodlines
33:32 Town Watch
35:59 Fishing Lines
36:08 Horse Collar
36:37 Gillnets
38:42 Husbandry
39:13 Scale Barding Armor
40:23 Wheelbarrow
40:16 Chain Barding Armor
41:09 Forging
41:36 Town Patrol
43:58 Hand Cart
44:35 Iron Casting
53:55 Imperial Age
56:05 Conscription
56:12 Fletching
hadibaaayım
3:33 Loom
5:00 Loom
5:05 Loom
5:32 Loom
6:06 Loom
6:17 Loom
6:46 Loom
12:32 Feudal Age
13:13 Double-Bit Axe
19:13 Castle Age
24:30 Wheelbarrow
23:40 Town Watch
35:36 Hand Cart
40:24 Bow Saw
40:37 Stone Mining
40:37 Gold Mining
43:40 Fishing Lines
Eenoon
3:06 Loom
13:54 Feudal Age
15:51 Wheelbarrow
16:47 Double-Bit Axe
19:14 Fishing Lines
21:40 Gold Mining
21:14 Man-at-Arms
26:17 Castle Age
25:13 Arson
25:41 Forging
25:31 Scale Mail Armor
26:29 Town Watch
27:20 Squires
27:06 Gambesons
28:00 Iron Casting
27:34 Gillnets
28:12 Stone Mining
29:19 Medium Warships
31:30 Bow Saw
31:21 Town Patrol
33:27 Fletching
33:38 Padded Archer Armor
33:53 Chain Mail Armor
34:18 Gold Shaft Mining
39:15 Imperial Age
37:02 Hand Cart
40:02 Pikeman
41:45 Blast Furnace
41:16 Plate Mail Armor
40:52 Elite Samurai
41:54 Conscription
43:17 Heavy Warships
44:42 Halberdier
46:10 Bodkin Arrow
46:30 Leather Archer Armor
47:03 Bracer
52:18 Kataparuto
52:35 Ring Archer Armor
gpal23
6:08 Loom
16:08 Feudal Age
16:58 Horse Collar
23:54 Castle Age
22:11 Double-Bit Axe
22:40 Man-at-Arms
23:24 Scale Mail Armor
25:48 Bow Saw
26:15 Stone Mining
27:48 Heavy Plow
27:18 Long Swordsman
28:58 Fletching
29:17 Padded Archer Armor
28:55 Elite Skirmisher
31:04 Bodkin Arrow
31:22 Gold Mining
33:35 Leather Archer Armor
36:22 Ballistics
37:40 Squires
37:25 Arson
43:23 Imperial Age
41:22 Forging
41:28 Chain Mail Armor
45:02 Plate Mail Armor
45:07 Iron Casting
45:44 Conscription
45:18 Elite Berserk
46:19 Capped Ram
48:00 Hoardings
48:09 Chieftains
49:22 Two-Man Saw
48:22 Murder Holes
LORD PETER
4:34 Loom
15:44 Feudal Age
25:13 Castle Age
22:56 Horse Collar
23:03 Double-Bit Axe
23:36 Fletching
23:47 Padded Archer Armor
24:47 Scale Barding Armor
26:36 Bodkin Arrow
31:51 Ballistics
32:50 Leather Archer Armor
36:55 Pikeman
37:35 Squires
38:44 Forging
38:35 Scale Mail Armor
41:12 Iron Casting
40:54 Chain Mail Armor
Connection lost

Rejoining the realm…

Still unreachable

The connection could not be restored.

Session expired

The server has moved on; the page needs a fresh start.